 Dungeon Crawl Stone Soup version 0.15-a0-2123-gb18dd36 (webtiles) character file.

77 MackTheKnife the Cutter (level 4, 0/32 HPs)
             Began as a Human Wanderer on July 16, 2014.
             Slain by vYxOr's ghost (12 damage)
             ... on Level 3 of the Dungeon.
             The game lasted 00:03:35 (1715 turns).

MackTheKnife the Cutter (Human Wanderer)            Turns: 1715, Time: 00:03:36

HP   0/32        AC  6     Str 10      XL: 4   Next: 58%
MP   4/4         EV 13     Int 17      God:
Gold 89          SH  0     Dex 14      Spells:  0 memorised,  3 levels left

rFire  . . .     SeeInvis +     a - +2 short sword
rCold  . . .     Clarity  .     d - +0 robe
rNeg   . . .     rCorr    .     (no shield)
rPois  .         rRot     .     k - +2 helmet {SInv}
rElec  .         Spirit   .     i - +0 cloak
SustAb .         Warding  .     (no gloves)
rMut   .         Stasis   .     (no boots)
Gourm  .                        (no amulet)
MR     .....                    q - +3 ring of intelligence
                                (no ring)

@: flying, not resistant to hostile enchantments, unstealthy
A: no striking features
a: no special abilities


You were on level 3 of the Dungeon.
You were not hungry.

You visited 1 branch of the dungeon, and saw 3 of its levels.

You collected 89 gold pieces.


   Skills:
 - Level 1.0 Fighting
 - Level 4.5 Short Blades
 - Level 1.0 Throwing
 + Level 3.0 Dodging
 + Level 3.7 Stealth


You had 3 spell levels left.
You didn't know any spells.

Inventory:

Hand weapons
 a - a +2 short sword (weapon)
Armour
 d - a +0 robe (worn)
 i - a +0 cloak (worn)
 k - a +2 helmet of see invisible (worn)
Comestibles
 f - 4 bread rations
 p - 2 beef jerkies
Scrolls
 b - a scroll of teleportation
 e - 3 scrolls of immolation {!r}
Jewellery
 q - a +3 ring of intelligence (right hand)
Potions
 c - 2 potions of lignification {!q}
 g - 3 potions of heal wounds
 h - 2 potions of flight
 l - a potion of curing
 m - a potion of restore abilities

· ···· ▒··▒
▒··▒ ▒··▒▒ ·
▒···▒ ···
▒···▒▒▒····
▒········▒·▒
▒··pW·······
▒▒·▒·▒▒▒▒▒▒▒
▒·▒·▒ ▒·▒·▒
▒·▒·▒
▒▒▒▒▒▒▒▒▒▒
▒▒▒▒▒▒▒▒·▒·▒
▒·········
▒········▒·▒
▒·▒▒▒▒▒▒▒▒
▒·▒▒▒▒▒▒▒▒·▒
▒·▒▒▒·····
▒·▒ ▒·▒
▒·····▒▒▒▒


You could see vYxOr's ghost.


Message History

You barely miss vYxOr's ghost.
VYxOr's ghost is moderately damaged.
You slash vYxOr's ghost!
VYxOr's ghost is moderately damaged.
VYxOr's ghost barely misses you.
You hit vYxOr's ghost.
VYxOr's ghost is heavily damaged.
VYxOr's ghost closely misses you.
You hit vYxOr's ghost but do no damage.
VYxOr's ghost is heavily damaged.
VYxOr's ghost hits you!
You closely miss vYxOr's ghost.
VYxOr's ghost is heavily damaged.
VYxOr's ghost hits you.
You hit vYxOr's ghost.
VYxOr's ghost is severely damaged.
VYxOr's ghost closely misses you.
You barely miss vYxOr's ghost.
VYxOr's ghost is severely damaged.
VYxOr's ghost closely misses you.
You closely miss vYxOr's ghost.
VYxOr's ghost is severely damaged.
VYxOr's ghost hits you!
* * * LOW HITPOINT WARNING * * *
You hit vYxOr's ghost but do no damage.
VYxOr's ghost is severely damaged.
You barely miss vYxOr's ghost.
VYxOr's ghost is severely damaged.
VYxOr's ghost hits you!
You die...

Action                   |  1- 3 |  4- 6 || total
-------------------------+-------+-------++-------
Melee: Short sword       |   119 |    68 ||   187
  Use: Scroll            |     3 |     1 ||     4
       Potion            |       |     4 ||     4
 Stab: Sleeping          |     3 |     2 ||     5
  Eat: Chunk             |     1 |     2 ||     3

Vault maps used:
D:1:      dpeg_arrival_short_road
D:2:      old_standard_altar, uniq_iyjb

Notes
Turn   | Place    | Note
--------------------------------------------------------------
     0 | D:1      | MackTheKnife, the Human Wanderer, began the quest for the Orb.
     0 | D:1      | Reached XP level 1. HP: 15/15 MP: 1/1
    50 | D:1      | Reached XP level 2. HP: 15/21 MP: 2/2
   419 | D:1      | Reached XP level 3. HP: 11/26 MP: 3/3
   653 | D:1      | Reached skill level 2 in Stealth
  1138 | D:2      | Found a bloodstained altar of Trog.
  1179 | D:2      | Reached skill level 3 in Stealth
  1203 | D:2      | Reached XP level 4. HP: 28/32 MP: 4/4
  1283 | D:2      | Noticed Ijyb
  1431 | D:2      | Killed Ijyb
  1685 | D:3      | Noticed vYxOr's ghost (average HOFi)
  1715 | D:3      | Slain by vYxOr's ghost

Vanquished Creatures
  Ijyb (D:2)
  An adder (D:2)
  A worm (D:3)
  A giant gecko (D:1)
  An ooze (D:1)
  A ball python (D:2)
  8 bats
  2 giant cockroaches (D:1)
  5 goblins
  6 hobgoblins
  4 jackals (D:2)
  5 kobolds
  4 giant newts
  5 rats
45 creatures vanquished.
